 Dungeon Crawl Stone Soup version 0.19.0 (webtiles) character file.

685119 varam the Hoplite (level 27, -17/241 HPs)
             Began as a Minotaur Berserker on Oct 31, 2016.
             Was the Champion of the Shining One.
             Demolished by a large slime creature (21 damage)
             ... summoned by a gelid corrupter
             ... on level 5 of a ziggurat on Nov 1, 2016.
             The game lasted 05:55:15 (78456 turns).

varam the Hoplite (Minotaur Berserker)             Turns: 78456, Time: 05:55:16

Health: -17/241    AC: 12    Str: 36 (37) XL:     27
Magic:  0/15       EV: 27    Int:  7      God:    the Shining One [******]
Gold:   4929       SH: 50    Dex: 41      Spells: 3 memorised, 28 levels left

rFire  + . .     SeeInvis +     c - +6 broad axe (antimagic)
rCold  + . .     Gourm    .     Z - +0 gold dragon scales
rNeg   + + +     Faith    .     N - +4 large shield {AC+3}
rPois  +         Spirit   .     (helmet unavailable)
rElec  +         Reflect  +     g - +0 cloak of Dramatic Exits {rElec rC- Dex+3}
rCorr  .         Harm     .     X - +0 pair of gloves of Time Monsters {MP+9 Str+4 Int+3}
MR     ++++.     Clarity  +     s - +3 pair of boots "Uris" {+Inv rC+ rN+ Str+2}
Stlth  ..........               A - amulet "Zyrul" {Reflect Dex+7 SH+3}
                                G - ring of Quggac {*Slow MR++ Str+2 Dex+4 SInv}
                                h - ring of Mezeox {+Inv rN++ Str+4 Dex+7}

@: divine shield, corroded, glowing
A: retaliatory headbutt, horns 3, blurry vision 1, clarity, clever 1, dopey 1,
frail 1
a: Divine Shield, Cleansing Flame, Summon Divine Warrior, Renounce Religion,
Evoke Invisibility
}: 4/15 runes: barnacled, silver, abyssal, gossamer


You were on level 5 of a ziggurat.
You worshipped the Shining One.
The Shining One was exalted by your worship.
You were very hungry.

You visited 9 branches of the dungeon, and saw 48 of its levels.
You visited the Abyss 2 times.
You visited 1 ziggurat, and saw 5 of its levels.
You also visited: Ice Cave.

You collected 7433 gold pieces.
You spent 2504 gold pieces at shops.

Inventory:

Hand Weapons
 c - a +6 antimagic broad axe (weapon)
 w - a +9 broad axe of holy wrath
 x - a +5 hand crossbow of freezing
Missiles
 e - 43 javelins of penetration (quivered)
 p - 511 bolts
Armour
 g - the +0 cloak of Dramatic Exits (worn) {rElec rC- Dex+3}
   (You found it on level 2 of the Orcish Mines)

   It affects your dexterity (+3).
   It makes you vulnerable to cold.
   It insulates you from electricity.
 s - the +3 pair of boots "Uris" (worn) {+Inv rC+ rN+ Str+2}
   (You acquired it on level 2 of the Shoals)

   It affects your strength (+2).
   It protects you from cold.
   It protects you from negative energy.
   It lets you turn invisible.
 N - a +4 large shield of protection (worn)
 X - the +0 pair of gloves of Time Monsters (worn) {MP+9 Str+4 Int+3}
   (You found it on level 3 of the Vaults)

   It affects your strength (+4).
   It affects your intelligence (+3).
   It affects your magic capacity (+9).
 Z - +0 gold dragon scales (worn)
Rods
 t - a +9 rod of shadows (9/9)
   (You took it off a spriggan berserker on level 3 of the Depths)
Jewellery
 a - the amulet of Vitality {Regen+ HP+15}
   (You found it on level 4 of the Depths)

   [amulet of regeneration]

   It affects your health (+15).
   It increases your rate of regeneration.
 h - the ring of Mezeox (left hand) {+Inv rN++ Str+4 Dex+7}
   (You took it off a deep elf death mage on level 4 of the Vaults)

   [ring of strength]

   It affects your strength (+4).
   It affects your dexterity (+7).
   It greatly protects you from negative energy.
   It lets you turn invisible.
 k - an uncursed ring of protection from cold
 A - the amulet "Zyrul" (around neck) {Reflect Dex+7 SH+3}
   (You found it on level 3 of the Elven Halls)

   [amulet of reflection]

   It shields you and reflects attacks.
   It affects your dexterity (+7).
   It affects your SH (+3).
 G - the ring of Quggac (right hand) {*Slow MR++ Str+2 Dex+4 SInv}
   (You found it on level 5 of the Vaults)

   [ring of dexterity]

   It affects your strength (+2).
   It affects your dexterity (+4).
   It affects your resistance to hostile enchantments.
   It lets you see invisible.
   It may slow you when you take damage.
 I - the ring "Eriaru" {+Blink rN+ SInv}
   (You found it on level 3 of the Elven Halls)

   [ring of see invisible]

   It protects you from negative energy.
   It lets you see invisible.
   It lets you blink.
Wands
 d - a wand of teleportation (2/9)
 R - a wand of digging (17/24)
Scrolls
 i - 5 scrolls of identify
 n - 6 scrolls of blinking
 q - 7 scrolls of fog
 y - 18 scrolls of magic mapping
 C - 19 scrolls of remove curse
 E - a scroll of fear
 V - 26 scrolls of teleportation
Potions
 b - 3 potions of agility
 D - 6 potions of might
 F - 4 potions of heal wounds
 W - 24 potions of curing
Miscellaneous
 l - a box of beasts
 K - 4 phantom mirrors
 M - a phial of floods
 Q - a phial of floods
 Y - a lamp of fire
Comestibles
 f - 4 chunks of flesh
 j - a meat ration
 T - 22 fruits


   Skills:
 - Level 25.7 Fighting
 - Level 18.0 Axes
 - Level 10.0 Crossbows
 - Level 12.0 Throwing
 + Level 17.3 Armour
 + Level 17.1 Dodging
 + Level 25.8 Shields
 - Level 4.3 Spellcasting
 - Level 4.1 Charms
 - Level 4.6 Translocations
 + Level 11.5 Invocations
 - Level 20.5 Evocations


You had 28 spell levels left.
You knew the following spells:

 Your Spells              Type           Power        Failure   Level  Hunger
a - Summon Butterflies    Summ           #.......     100%        1    #......
b - Lesser Beckoning      Tloc           #.........   95%         3    ###....
c - Song of Slaying       Chrm           #.......     78%         2    ###....


Dungeon Overview and Level Annotations

Branches:
Dungeon (15/15)            Temple (0/1) D:4            Lair (6/6) D:9
 Shoals (4/4) Lair:2       Spider (4/4) Lair:3        Slime (0/5) Lair:5
    Orc (2/2) D:12            Elf (3/3) Orc:2        Vaults (5/5) D:13
  Crypt (0/3) Vaults:2     Depths (5/5) D:15            Zot (4/5) Depths:5

Altars:
Ashenzari
Elyvilon
Kikubaaqudgha
Makhleb
The Shining One
Beogh
Jiyva

Shops:
D:5 *%=(%   D:9 !   D:10 (   D:12 =   Orc:1 =   Orc:2 (((*   Elf:3 *
Vaults:3 (   Vaults:4 }(   Vaults:5 (?

Portals:
Hell: Depths:1 Depths:2 Depths:3 Depths:4 Depths:5
Abyss: Depths:4
Pandemonium: Depths:3
Trove: Vaults:2 (give +2 storm dragon scales)

Annotations:
Depths:5 2 exclusions


Innate Abilities, Weirdness & Mutations

You reflexively headbutt those who attack you in melee.
You have a pair of large horns on your head.
Scrolls take you a little longer to read.
You possess an exceptional clarity of mind.
Your mind is acute. (Int +2)
[You are dopey. (Int -2)]
[You are frail. (-10% HP)]


Message History

The gelid corrupter is almost dead.
The golden flame engulfs the large slime creature.
The large slime creature writhes in agony!
The large slime creature is moderately wounded.
The golden flame engulfs the red draconian zealot.
The red draconian zealot writhes in agony!
The red draconian zealot is heavily wounded.
The golden flame engulfs the large slime creature.
The large slime creature writhes in agony!
The large slime creature is moderately wounded.
The golden flame engulfs the golden dragon.
The golden dragon writhes in agony!
The golden dragon is lightly wounded.
You are feeling very hungry.
The starcursed mass shimmers and vanishes! x2
You block the azure jelly's attack. x2
The azure jelly hits you but does no damage.
You block the azure jelly's attack. You block the nagaraja's attack. x2
The large slime creature hits you!!
You die...

▓▓▓▓▓▓▓▓▓▓▓
▓▓........=▓▓
▓▓....X.XD6q$▓▓
▓▓.......DJ@N?∩▓▓
▓.∩.......JJJ=>$▓
▓▓.......)..!?∩▓▓
▓▓.........[?▓▓
▓▓.........▓▓
▓▓▓▓▓▓▓▓▓▓▓


You could see 2 starcursed masses, 2 golden dragons, an azure jelly, a nagaraja,
a red draconian zealot, a gelid corrupter, 2 large slime creatures and a slime
creature.

Vanquished Creatures
  2 ancient liches (Vaults:4)
  A greater mummy (Depths:4)
  Bai Suzhen (Vaults:3)
  Sojobo (Vaults:4)
  Saint Roka (Vaults:4)
  A curse toe (Zot:3)
  Jory (Vaults:5)
  5 golden dragons
  The ghost of barbarian the Peltast, an adept MiFi of Okawaru (Vaults:5)
  3 bone dragons
  Arachne (Spider:4)
  6 liches
  11 tentacled monstrosities
  4 electric golems
  Jorgrun (Elf:3)
  Rupert (D:15)
  An Ice Fiend (IceCv)
  A Hell Sentinel (Abyss:1)
  5 quicksilver dragons
  6 titans
  2 deep elf blademasters (Elf:3)
  Polyphemus (Shoals:3)
  8 tentacled starspawn (Abyss:1)
  5 death cobs
  2 krakens
  11 sphinxes
  An ancient champion (Vaults:2)
  Ilsuiw (Shoals:4)
  9 tengu reavers
  Agnes (D:15)
  11 storm dragons
  2 revenants (Abyss:1)
  10 shadow dragons
  Roxanne (Elf:1)
  4 draconian monks
  15 vault wardens
  15 fire giants
  4 iron dragons
  5 deep elf sorcerers
  2 draconian knights
  11 ghost moths
  7 emperor scorpions
  13 frost giants
  An orc warlord (Orc:2)
  3 draconian shifters
  An angel (Abyss:3)
  A draconian scorcher (Zig:4)
  5 deep elf elementalists
  4 draconian annihilators
  7 draconian zealots
  3 spriggan defenders (Depths:3)
  18 very ugly things
  42 stone giants
  A juggernaut skeleton (Depths:3)
  6 entropy weavers
  A war gargoyle (Vaults:5)
  16 ironheart preservers
  A reaper (Abyss:1)
  A draconian caller (Zot:3)
  A lorocyproca (Abyss:1)
  An ophan (Abyss:1)
  The ghost of Cokeysmoke the Severer, a journeyman HOFi of Okawaru (Orc:2)
  5 green draconians
  A dire elephant (D:15)
  3 black draconians (Zot:2)
  7 deep elf annihilators
  6 vampire knights
  4 deep elf demonologists
  11 red draconians
  8 white draconians
  3 spark wasps
  9 yellow draconians
  10 purple draconians
  Snorg (D:11)
  11 mottled draconians
  17 ettins
  7 merfolk impalers
  3 crystal guardians
  An eidolon (Depths:4)
  4 deep elf death magi
  Josephine (Orc:2)
  6 merfolk javelineers
  4 mummy priests (Depths:4)
  4 deep elf high priests (Vaults:5)
  A great orb of eyes (shapeshifter) (Abyss:3)
  17 yaktaur captains
  12 fire dragons
  12 great orbs of eyes
  A hell beast (Depths:1)
  30 vault guards
  Harold (D:10)
  3 spriggan air magi
  7 hydras
  13 ice dragons
  9 centaur warriors
  9 rakshasas
  3 merfolk avatars
  3 ghost crabs (Depths:4)
  2 catoblepae
  9 merfolk aquamancers
  A satyr (Shoals:4)
  47 large abominations
  3 alligator snapping turtles (Shoals:4)
  25 dancing weapons
  4 death knights
  13 deep troll shamans
  10 deep troll earth magi
  16 ogre magi
  16 death yaks
  2 shock serpents
  7 tengu warriors
  5 spriggan berserkers
  2 vampire magi
  4 orc high priests (Orc:2)
  A shock serpent (shapeshifter) (Depths:3)
  2 titan skeletons (Depths:3)
  28 deep elf knights
  A sun demon (Abyss:2)
  4 shadow wraiths
  6 iron trolls
  A soul eater (Abyss:1)
  A storm dragon zombie (Abyss:1)
  9 thrashing horrors
  Sonja (D:15)
  14 hell knights
  12 wretched stars
  A fire crab (Depths:4)
  11 unseen horrors
  14 skeletal warriors
  6 sixfirhies
  6 spatial maelstroms
  8 sea snakes
  A shadow demon (Abyss:1)
  52 deep trolls
  13 wizards
  4 glowing orange brains
  3 flayed ghosts
  23 hill giants
  15 ironbrand convokers
  3 lindwurms
  7 necromancers
  Pikel (D:7)
  A golden dragon skeleton (Depths:3)
  18 orc knights
  15 deep elf archers
  21 orb spiders
  8 phantasmal warriors
  A wolf spider zombie (D:15)
  13 harpies
  93 deep elf magi
  48 wolf spiders
  12 manticores
  2 salamanders
  A faun (shapeshifter) (Vaults:4)
  A salamander (shapeshifter) (D:15)
  A shadow dragon skeleton (Depths:4)
  10 cyclopes
  7 fauns
  6 worldbinders
  5 orc sorcerers
  34 moths of wrath
  Maurice (Orc:2)
  6 sirens
  2 guardian serpents (shapeshifter) (Abyss:3)
  50 ugly things
  2 ice statues
  A tengu skeleton (Depths:3)
  A water nymph (shapeshifter) (Vaults:3)
  5 naga magi (Depths:4)
  A stone giant skeleton (Abyss:1)
  5 black mambas
  14 elephants
  An eye of devastation (Abyss:1)
  2 molten gargoyles (Depths:4)
  10 smoke demons
  8 spiny frogs
  2 torpor snails
  6 water nymphs
  2 gargoyles
  An apocalypse crab (Abyss:1)
  3 centaur skeletons
  2 rime drakes (Lair:4)
  4 orange demons (Abyss:1)
  15 vault sentinels
  12 demonic crawlers
  A kobold demonologist (D:13)
  3 komodo dragons
  A tormentor (Abyss:1)
  A yaktaur (shapeshifter) (Depths:4)
  71 yaktaurs
  2 redback zombies (D:15)
  2 ice devils (IceCv)
  16 freezing wraiths
  A ghost moth simulacrum (Abyss:1)
  9 tengu conjurers
  A troll (shapeshifter) (Abyss:1)
  A hellwing (Abyss:1)
  A golden dragon simulacrum (IceCv)
  An anaconda simulacrum (IceCv)
  43 jumping spiders
  3 guardian mummies
  A spark wasp simulacrum (Depths:3)
  12 ancient zymes
  A queen bee (shapeshifter) (Abyss:1)
  4 wind drakes
  10 polar bears
  2 tyrant leeches (Lair:6)
  A red devil (Depths:1)
  23 hornets
  A polar bear (shapeshifter) (Vaults:3)
  2 meliai (shapeshifter)
  A wolf spider simulacrum (IceCv)
  13 trolls
  2 wind drakes (shapeshifter)
  43 merfolk
  33 two-headed ogres
  Grinder (D:6)
  Prince Ribbit (D:5)
  16 dream sheep
  5 blink frogs
  A harpy skeleton (Abyss:1)
  27 raiju
  A dream sheep (shapeshifter) (Vaults:4)
  A stone giant simulacrum (Depths:1)
  19 hippogriffs
  35 slime creatures
  5 snapping turtles
  An iron dragon simulacrum (Depths:4)
  6 flying skulls (Abyss:1)
  51 redbacks
  3 dire elephant simulacra (IceCv)
  7 air elementals
  27 tarantellas
  4 spriggans (Depths:3)
  4 shadows
  20 water elementals
  A vampire (Abyss:1)
  7 wraiths
  20 yaks
  7 wyverns
  17 ynoxinuls
  6 fire elementals
  Eustachio (D:5)
  7 golden eyes
  4 chaos spawn
  4 hogs (D:11)
  5 basilisks
  2 vampire mosquitoes (D:15)
  5 fire bats (Abyss:1)
  9 neqoxecs
  A death yak simulacrum (IceCv)
  A human (D:11)
  4 steam dragons
  Grum (D:9)
  2 elf skeletons (Depths:4)
  5 hungry ghosts
  25 wargs
  7 swamp worms
  10 spatial vortices
  2 iron troll simulacra (IceCv)
  4 mottled dragons
  Edmund (D:6)
  2 harpy simulacra (IceCv)
  A soldier ant (shapeshifter) (Vaults:3)
  6 insubstantial wisps
  A soldier ant (D:12)
  The ghost of Sagittaire the Sneak, an amateur OpWz of Cheibriados (D:4)
  4 hell hounds (Abyss:1)
  11 water moccasins
  3 floating eyes
  7 porcupines
  2 swamp drakes
  4 phantoms
  3 sky beasts
  A hornet zombie (D:15)
  An ice dragon simulacrum (Abyss:2)
  13 black bears
  54 orc warriors
  6 ice beasts
  A black bear (shapeshifter) (Vaults:2)
  12 boggarts
  An ettin simulacrum (IceCv)
  An ogre (shapeshifter) (Depths:2)
  15 wolves
  10 centaurs
  66 ogres
  8 crocodiles
  2 elf simulacra (Depths:4)
  2 big kobolds
  17 bullfrogs
  2 water moccasin zombies
  2 earth elementals (Depths:4)
  31 small abominations
  22 killer bees
  5 scorpions
  A snapping turtle simulacrum (Abyss:3)
  A water moccasin skeleton (D:4)
  A swamp dragon simulacrum (IceCv)
  13 wights
  An electric eel (Lair:1)
  7 howler monkeys
  A lava snake (Depths:4)
  11 crimson imps
  5 jellies
  40 starcursed masses
  11 quasits
  10 centaur zombies
  A draconian simulacrum (IceCv)
  40 orc priests
  Crazy Yiuf (D:5)
  12 hounds
  4 bullfrog skeletons
  6 iron imps
  10 iguanas
  17 worker ants
  32 orc wizards
  4 lightning spires (Depths:4)
  3 troll simulacra (IceCv)
  A wolf simulacrum (IceCv)
  4 hound skeletons
  3 mummies
  Robin (D:2)
  2 gnolls (D:6)
  16 adders
  5 naga simulacra (IceCv)
  3 ogre simulacra (IceCv)
  4 river rats (D:6)
  9 shadow imps
  10 white imps
  8 ufetubi
  3 oozes
  14 worms
  5 dart slugs
  8 leopard geckos
  176 orcs
  2 giant cockroaches (D:3)
  12 goblins
  9 hobgoblins
  5 jackals
  5 quokkas
  2 ball pythons
  3 bats
  6 frilled lizards
  A jackal zombie (D:7)
  11 kobolds
  8 rats
  A butterfly (Lair:3)
  3 crawling corpses (Vaults:5)
  A fungus (Lair:6)
  14 plants
  9 starspawn tentacles (Abyss:1)
  2 tentacles
3037 creatures vanquished.

Vanquished Creatures (collateral kills)
  The ghost of Chiseanne the Acrobat, a veteran MiBe of Trog (Vaults:5)
  A lich (Depths:3)
  A tentacled monstrosity (Vaults:5)
  A shadow dragon (Vaults:5)
  A vault warden (Vaults:2)
  A fire giant (Depths:3)
  3 deep elf elementalists (Elf:3)
  A deep elf sorcerer (Elf:3)
  2 ironheart preservers
  A stone giant (Vaults:5)
  The ghost of varam the Severer, a journeyman MiBe of Trog (Lair:3)
  A vampire knight (Depths:3)
  2 deep elf demonologists (Elf:3)
  4 deep elf annihilators (Elf:3)
  A spark wasp (Spider:4)
  2 ettins (Depths:3)
  The ghost of varam the Bludgeoner, a journeyman GrFi of Okawaru (D:13)
  A deep elf death mage (Elf:3)
  A crystal guardian (Abyss:3)
  2 deep elf high priests
  A fire dragon (Lair:6)
  A great orb of eyes (shapeshifter) (Abyss:3)
  A vault guard (Vaults:1)
  A hydra (Shoals:1)
  A merfolk avatar (Shoals:2)
  An ogre mage (Vaults:1)
  A death knight (Vaults:2)
  3 thrashing horrors (Abyss:3)
  A deep troll shaman (Vaults:2)
  4 death yaks (Lair:6)
  A titan skeleton (Depths:3)
  2 skeletal warriors (Vaults:2)
  3 unseen horrors (Abyss:3)
  A spatial maelstrom (Abyss:3)
  A deep troll (Vaults:5)
  2 harpies
  A phantasmal warrior (Depths:3)
  7 orb spiders
  7 deep elf magi (Elf:1)
  4 wolf spiders
  An orc knight (Vaults:1)
  An orc sorcerer (Elf:3)
  A manticore (D:11)
  A guardian serpent (shapeshifter) (Abyss:3)
  2 ice devils (IceCv)
  An anaconda simulacrum (IceCv)
  A komodo dragon (Lair:6)
  A freezing wraith (IceCv)
  A wind drake (Shoals:4)
  A jumping spider (Spider:4)
  A hornet (Vaults:1)
  A merfolk (Shoals:1)
  A slime creature (Vaults:1)
  A hippogriff (D:11)
  2 tarantellas (Spider:2)
  2 yaks (D:11)
  A wraith (Vaults:2)
  2 redbacks
  2 water elementals (Shoals:1)
  A hog (D:11)
  A spatial vortex (Abyss:3)
  3 hydra simulacra (IceCv)
  A floating eye (Depths:3)
  A black bear (D:11)
  2 swamp drakes (Lair:6)
  2 orc wizards (Vaults:4)
  A small abomination (Abyss:3)
  A troll simulacrum (IceCv)
  A wolf simulacrum (IceCv)
111 creatures vanquished.

Vanquished Creatures (others)
  2 deep elf master archers (Elf:3)
  A very ugly thing (Depths:3)
  A vampire knight (Depths:3)
  5 stone giants
  A black draconian (Zot:3)
  A merfolk javelineer (Shoals:4)
  A merfolk impaler (Shoals:4)
  10 yaktaur captains
  2 centaur warriors
  A vampire mage (Depths:3)
  An ogre mage (Depths:4)
  A satyr (Shoals:2)
  5 deep elf archers
  An orc knight (Vaults:5)
  A deep elf mage (Vaults:3)
  A faun (Shoals:1)
  3 cyclopes
  19 yaktaurs
  A kobold demonologist (Abyss:1)
  A large abomination (Abyss:2)
  A tarantella (Spider:2)
  A fire elemental (Depths:4)
  A golden eye (Abyss:1)
  4 slaves (D:7)
  A boggart (Depths:3)
  4 centaurs
  A small abomination (Abyss:1)
  A jelly (Abyss:1)
  An adder (D:7)
  2 white imps (IceCv)
  3 ufetubi (IceCv)
  3 ball lightnings (Depths:4)
  3 orcs
  A kobold (D:13)
  2 bushes
  8 fungi
  4 lurking horrors
  22 plants
  11 starspawn tentacles (Abyss:1)
  6 tentacles
139 creatures vanquished.

Grand Total: 3287 creatures vanquished

Notes
Turn   | Place    | Note
-------+----------+-------------------------------------------
     0 | D:1      | varam the Minotaur Berserker began the quest for the Orb.
     0 | D:1      | Reached XP level 1. HP: 19/19 MP: 0/0
   238 | D:1      | Reached skill level 4 in Axes
   385 | D:1      | Reached XP level 2. HP: 27/27 MP: 1/1
  1204 | D:2      | Noticed Robin
  1211 | D:2      | Reached XP level 3. HP: 33/33 MP: 2/2
  1212 | D:2      | Reached skill level 5 in Axes
  1222 | D:2      | Killed Robin
  1275 | D:2      | Reached ** piety under Trog
  1745 | D:3      | Reached XP level 4. HP: 35/40 MP: 3/3
  1775 | D:3      | Reached skill level 6 in Axes
  1775 | D:3      | Reached skill level 1 in Shields
  1873 | D:3      | Found a glowing golden altar of the Shining One.
  2051 | D:3      | Noticed a sky beast
  2055 | D:3      | Killed a sky beast
  2055 | D:3      | Reached skill level 7 in Axes
  2055 | D:3      | Reached skill level 2 in Shields
  2055 | D:3      | Reached XP level 5. HP: 46/46 MP: 4/4
  2605 | D:3      | Reached *** piety under Trog
  3054 | D:4      | Reached XP level 6. HP: 33/52 MP: 5/5
  3082 | D:4      | Reached skill level 3 in Shields
  3501 | D:4      | Found a staircase to the Ecumenical Temple.
  3519 | D:4      | Noticed Sagittaire's ghost (amateur OpWz)
  3541 | D:3      | Reached skill level 8 in Axes
  3739 | D:4      | Killed Sagittaire's ghost
  3739 | D:4      | Reached skill level 4 in Shields
  3739 | D:4      | Reached XP level 7. HP: 58/58 MP: 6/6
  3899 | D:4      | Reached skill level 9 in Axes
  4222 | D:5      | Entered Level 5 of the Dungeon
  4222 | D:5      | Found Lazesi's Jewellery Emporium.
  4228 | D:5      | Noticed Eustachio
  4232 | D:5      | Found a white marble altar of Elyvilon.
  4237 | D:5      | Killed Eustachio
  4372 | D:5      | Noticed Prince Ribbit
  4392 | D:5      | Killed Prince Ribbit
  4392 | D:5      | Reached skill level 10 in Axes
  4392 | D:5      | Reached skill level 5 in Shields
  4392 | D:5      | Reached XP level 8. HP: 48/66 MP: 7/7
  4571 | D:5      | Found a burning altar of Makhleb.
  4648 | D:5      | Found Vutyscha's General Store.
  4670 | D:5      | Found Itwog's Food Shop.
  4690 | D:5      | Found Wailout's Food Boutique.
  4690 | D:5      | Found Vowayguibu's Antique Weapon Emporium.
  5183 | D:5      | Found a runed door.
  5187 | D:5      | Noticed Crazy Yiuf
  5191 | D:5      | Killed Crazy Yiuf
  5239 | D:6      | Reached skill level 6 in Shields
  5417 | D:6      | Reached skill level 11 in Axes
  5446 | D:6      | Reached **** piety under Trog
  5701 | D:6      | Noticed Grinder
  5758 | D:6      | Found a white marble altar of Elyvilon.
  6004 | D:6      | Noticed Edmund
  6010 | D:6      | Killed Edmund
  6010 | D:6      | Reached skill level 12 in Axes
  6010 | D:6      | Reached skill level 7 in Shields
  6180 | D:6      | Found a shattered altar of Ashenzari.
  6425 | D:6      | Reached XP level 9. HP: 55/71 MP: 8/8
  6710 | D:6      | Paralysed by Grinder for 7 turns
  6721 | D:6      | Killed Grinder
  6976 | D:7      | Reached skill level 8 in Shields
  6989 | D:7      | Reached skill level 13 in Axes
  7434 | D:7      | Reached skill level 9 in Shields
  7471 | D:7      | Reached skill level 14 in Axes
  7627 | D:7      | Noticed Pikel
  7627 | D:7      | Noticed a hill giant
  7635 | D:7      | Killed Pikel
  7635 | D:7      | Reached skill level 4 in Fighting
  7635 | D:7      | Reached skill level 3 in Armour
  7635 | D:7      | Reached XP level 10. HP: 80/80 MP: 9/9
  7641 | D:7      | Killed a hill giant
  7645 | D:7      | Reached skill level 4 in Armour
  7810 | D:7      | Reached skill level 5 in Fighting
  7815 | D:7      | Noticed an orc knight
  7830 | D:7      | Reached ***** piety under Trog
  7840 | D:7      | Killed an orc knight
  8116 | D:7      | Noticed an orc knight
  8121 | D:7      | Killed an orc knight
  8121 | D:7      | Reached skill level 6 in Fighting
  8121 | D:7      | Reached skill level 15 in Axes
  8121 | D:7      | Reached skill level 5 in Armour
  8930 | D:7      | Reached skill level 6 in Armour
  9224 | D:8      | Reached skill level 7 in Fighting
  9230 | D:8      | Reached XP level 11. HP: 92/92 MP: 10/10
  9307 | D:8      | Found an ancient bone altar of Kikubaaqudgha.
  9351 | D:8      | Received a gift from Trog
 10310 | D:9      | Reached skill level 16 in Axes
 10322 | D:9      | Found a staircase to the Lair.
 10366 | D:9      | Noticed Grum
 10381 | D:9      | Killed Grum
 10618 | D:9      | Reached skill level 8 in Fighting
 10618 | D:9      | Reached skill level 7 in Armour
 10678 | D:9      | Found Fulyewos's Distillery.
 10692 | D:9      | Bought a potion of heal wounds for 60 gold pieces
 10692 | D:9      | Bought a potion of heal wounds for 60 gold pieces
 11412 | D:10     | Entered Level 10 of the Dungeon
 11438 | D:10     | Noticed Harold
 11496 | D:10     | Killed Harold
 11574 | D:10     | Noticed a hill giant
 11586 | D:9      | Killed a hill giant
 11744 | D:10     | Reached skill level 9 in Fighting
 11747 | D:10     | Reached skill level 8 in Armour
 11798 | D:10     | Found Reuxuxoh's Antique Weapon Boutique.
 11821 | D:10     | Noticed a hill giant
 11829 | D:10     | Killed a hill giant
 11831 | D:10     | Reached skill level 17 in Axes
 12076 | D:10     | Noticed an unseen horror
 12085 | D:10     | Killed an unseen horror
 12085 | D:10     | Reached XP level 12. HP: 105/105 MP: 11/11
 12414 | D:11     | Found a huge runed gate.
 12414 | D:11     | Found a huge runed gate.
 12415 | D:11     | Found a huge runed gate.
 12416 | D:11     | Found a huge runed gate.
 12442 | D:11     | Received a gift from Trog
 12471 | D:11     | Reached skill level 10 in Fighting
 12471 | D:11     | Reached skill level 9 in Armour
 12565 | D:11     | Got a dazzling double sword {god gift}
 12566 | D:11     | Identified the +7 double sword of the Orange Skies {venom, rN+ Str-4 Int+8 Dex-3} (Trog gifted it to you on level 11 of the Dungeon)
 12769 | D:11     | Noticed Snorg
 12784 | D:11     | HP: 10/159 [Snorg (9)]
 12785 | D:11     | Killed Snorg
 13080 | D:11     | Reached skill level 18 in Axes
 13322 | D:11     | Reached skill level 10 in Armour
 13444 | D:11     | Reached skill level 11 in Fighting
 14415 | D:12     | Found a staircase to the Orcish Mines.
 14463 | D:12     | Reached skill level 11 in Armour
 14480 | D:12     | Found Erphaw's Jewellery Emporium.
 14494 | D:12     | Bought the amulet "Tusk" {Reflect Dex+3 SH+5} for 536 gold pieces
 14560 | D:12     | Received a gift from Trog
 14899 | D:12     | Reached XP level 13. HP: 113/117 MP: 12/12
 14904 | D:12     | Reached skill level 12 in Fighting
 15022 | D:13     | Noticed varam's ghost (journeyman GrFi)
 15050 | D:13     | Killed varam's ghost
 15393 | Lair:1   | Entered Level 1 of the Lair of Beasts
 15452 | Lair:2   | Found a staircase to the Shoals.
 15594 | Lair:1   | Reached skill level 12 in Armour
 15774 | Lair:1   | Noticed a fire dragon
 15804 | Lair:1   | Killed a fire dragon
 16668 | Lair:1   | Reached skill level 13 in Fighting
 16675 | Lair:1   | Received a gift from Trog
 17910 | Lair:3   | Noticed varam's ghost (journeyman MiBe)
 17955 | Lair:3   | Killed varam's ghost
 17955 | Lair:3   | Reached skill level 13 in Armour
 18181 | Lair:3   | Reached skill level 1 in Crossbows
 18320 | Lair:3   | Reached skill level 3 in Dodging
 18324 | Lair:3   | Found a hole to the Spider Nest.
 18326 | Lair:3   | Reached skill level 2 in Crossbows
 18755 | Lair:4   | Reached skill level 3 in Crossbows
 18811 | Lair:4   | Received a gift from Trog
 18812 | Lair:4   | Reached skill level 4 in Dodging
 19655 | Lair:5   | Identified a scroll of acquirement
 19659 | Lair:5   | Got a faintly humming plate armour
 19670 | Lair:5   | Identified the +1 plate armour "Sattecwi" {rElec rF+ Regen+} (You acquired it on level 5 of the Lair of Beasts)
 19679 | Lair:5   | Found a runed door.
 19680 | Lair:5   | Found a viscous altar of Jiyva.
 19682 | Lair:5   | Found a staircase to the Slime Pits.
 20011 | Lair:6   | Entered Level 6 of the Lair of Beasts
 20135 | Lair:6   | Reached XP level 14. HP: 125/130 MP: 13/13
 20138 | Lair:6   | Reached skill level 4 in Crossbows
 20192 | Lair:6   | Reached skill level 14 in Fighting
 20353 | Lair:6   | Reached skill level 5 in Dodging
 20693 | Lair:6   | Reached skill level 5 in Crossbows
 20702 | Lair:6   | Reached skill level 10 in Shields
 20710 | Lair:6   | Received a gift from Trog
 20857 | Lair:6   | Reached skill level 14 in Armour
 20882 | Lair:6   | Received a gift from Trog
 20914 | Lair:6   | Reached skill level 6 in Dodging
 20930 | Lair:6   | Reached skill level 6 in Crossbows
 21510 | Orc:1    | Entered Level 1 of the Orcish Mines
 21743 | Orc:2    | Entered Level 2 of the Orcish Mines
 21922 | Orc:2    | Noticed Cokeysmoke's ghost (journeyman HOFi)
 21931 | Orc:1    | Found Pirghouky's Jewellery Shop.
 22049 | Orc:2    | Killed Cokeysmoke's ghost
 22049 | Orc:2    | Reached skill level 11 in Shields
 22393 | Orc:2    | Noticed Josephine
 22400 | Orc:2    | Reached skill level 7 in Crossbows
 22409 | Orc:2    | Killed Josephine
 22409 | Orc:2    | Reached ****** piety under Trog
 22479 | Orc:2    | Reached skill level 15 in Fighting
 22551 | Orc:2    | Found a staircase to the Elven Halls.
 22604 | Orc:2    | Reached XP level 15. HP: 141/141 MP: 14/14
 22610 | Orc:2    | Received a gift from Trog
 22613 | Orc:2    | Paralysed by an orc sorcerer for 7 turns
 22628 | Orc:2    | Got a dazzling cloak
 22639 | Orc:2    | Identified the +0 cloak of Dramatic Exits {rElec rC- Dex+3} (You found it on level 2 of the Orcish Mines)
 22858 | D:12     | Bought an uncursed ring of positive energy for 280 gold pieces
 23254 | Orc:2    | Noticed an orc warlord
 23351 | Orc:2    | Killed an orc warlord
 23369 | Orc:2    | Found a roughly hewn altar of Beogh.
 23456 | Orc:2    | Found Jauhialoe's Antique Weapon Shop.
 23573 | Orc:2    | Reached skill level 8 in Crossbows
 23574 | Orc:2    | Found Qachifoz's General Store.
 23727 | Orc:2    | Noticed Maurice
 23729 | Orc:2    | Received a gift from Trog
 23734 | Orc:2    | Killed Maurice
 23756 | Orc:2    | Found a roughly hewn altar of Beogh.
 23799 | Orc:2    | Received a gift from Trog
 23799 | Orc:2    | Reached skill level 15 in Armour
 23850 | Orc:2    | Found Ahaiwn's Antique Weapon Emporium.
 23869 | Orc:2    | Found Puwniom's Weapon Shoppe.
 23877 | Orc:2    | Reached skill level 12 in Shields
 24587 | D:13     | Found a gate to the Vaults.
 24751 | D:13     | Got a twisted scale mail
 24762 | D:13     | Identified the cursed +1 scale mail of Qobbifirch {rElec} (You found it on level 13 of the Dungeon)
 25131 | D:14     | Reached skill level 9 in Crossbows
 25167 | D:14     | Received a gift from Trog
 25633 | D:14     | Identified Further Steps in Spellcraft
 25638 | D:14     | Received a gift from Trog
 25933 | D:15     | Entered Level 15 of the Dungeon
 25933 | D:15     | Noticed Sonja
 25946 | D:15     | Killed Sonja
 26037 | D:15     | Reached skill level 13 in Shields
 26066 | D:15     | Noticed Rupert
 26078 | D:15     | Killed Rupert
 26165 | D:15     | Noticed Agnes
 26185 | D:15     | Killed Agnes
 26185 | D:15     | Reached skill level 10 in Crossbows
 26347 | D:15     | Found a staircase to the Depths.
 26418 | D:15     | Reached skill level 14 in Shields
 26430 | D:15     | Reached XP level 16. HP: 147/149 MP: 15/15
 27290 | D:15     | Reached skill level 15 in Shields
 27452 | D:13     | Reached skill level 1 in Evocations
 27644 | Shoals:1 | Entered Level 1 of the Shoals
 27736 | Shoals:1 | Reached skill level 2 in Evocations
 27783 | Shoals:1 | Received a gift from Trog
 27945 | Shoals:1 | Reached skill level 3 in Evocations
 28313 | Shoals:2 | Received a gift from Trog
 28498 | Shoals:1 | Reached skill level 4 in Evocations
 28869 | Elf:1    | Entered Level 1 of the Elven Halls
 29050 | Elf:1    | Received a gift from Trog
 29137 | Elf:1    | Reached skill level 16 in Fighting
 29208 | Elf:1    | Reached skill level 5 in Evocations
 29519 | Depths:1 | Entered Level 1 of the Depths
 29602 | Depths:1 | Reached skill level 6 in Evocations
 29622 | Depths:1 | Gained mutation: Scrolls take you a little longer to read. [mutagenic meat]
 29623 | Depths:1 | Gained mutation: [You are frail. (-10% HP)] [mutagenic meat]
 30157 | Spider:1 | Entered Level 1 of the Spider Nest
 30228 | Spider:1 | Found a frozen archway.
 30249 | IceCv    | Entered an ice cave
 30543 | IceCv    | Reached skill level 7 in Evocations
 30738 | IceCv    | Received a gift from Trog
 31062 | IceCv    | Reached XP level 17. HP: 87/144 MP: 21/21
 31388 | IceCv    | Reached skill level 17 in Fighting
 31446 | IceCv    | Noticed an Ice Fiend
 31464 | IceCv    | Killed an Ice Fiend
 31795 | Spider:1 | Reached skill level 8 in Evocations
 32318 | Spider:2 | Reached skill level 18 in Fighting
 32340 | Spider:2 | Received a gift from Trog
 32622 | Spider:2 | Received a gift from Trog
 32646 | Spider:2 | Got a steaming arbalest {god gift}
 32730 | Spider:1 | Identified the +0 arbalest of Reakkigo {freeze, Int+4} (Trog gifted it to you on level 2 of the Spider Nest)
 32940 | Shoals:1 | Reached skill level 19 in Fighting
 33758 | D:9      | Bought a potion of might for 48 gold pieces
 33758 | D:9      | Bought a potion of agility for 48 gold pieces
 33758 | D:9      | Bought a potion of cure mutation for 300 gold pieces
 33758 | D:9      | Bought a potion of curing for 36 gold pieces
 33758 | D:9      | Lost mutation: [You are frail. (-10% HP)] [potion of cure mutation]
 33758 | D:9      | Lost mutation: Scrolls take you a little longer to read. [potion of cure mutation]
 34228 | Shoals:3 | Noticed Polyphemus
 34289 | Shoals:3 | Killed Polyphemus
 34294 | Shoals:2 | Reached skill level 7 in Dodging
 34421 | Shoals:3 | Received a gift from Trog
 34521 | Shoals:2 | Got a pair of warped boots
 34532 | Shoals:2 | Identified the +3 pair of boots "Uris" {+Inv rC+ rN+ Str+2} (You acquired it on level 2 of the Shoals)
 34903 | Shoals:3 | Noticed a kraken
 34910 | Shoals:3 | Killed a kraken
 35199 | Shoals:4 | Entered Level 4 of the Shoals
 35225 | Shoals:4 | Noticed Ilsuiw
 35226 | Shoals:4 | Reached skill level 8 in Dodging
 35266 | Shoals:4 | Reached skill level 20 in Fighting
 35266 | Shoals:4 | Reached XP level 18. HP: 163/178 MP: 23/23
 35394 | Shoals:4 | Received a gift from Trog
 35402 | Shoals:4 | Killed Ilsuiw
 35428 | Shoals:4 | Reached skill level 9 in Dodging
 35571 | Shoals:4 | Received a gift from Trog
 35692 | Shoals:4 | Got a warped leather armour
 36062 | Shoals:4 | Got a twisted shortbow
 36069 | Shoals:4 | Identified the +3 shortbow "Pendulum" {freeze, rElec rF++ Str+2} (You found it on level 4 of the Shoals)
 36087 | Shoals:4 | Identified the +4 leather armour of Mental Paralysis {+Inv rElec} (You found it on level 4 of the Shoals)
 36210 | Shoals:4 | Got a warped hand axe {venom}
 36211 | Shoals:4 | Identified the +9 hand axe of Pestilence {venom, Str+6 Dex+2} (You took it off a merfolk impaler on level 4 of the Shoals)
 36280 | Shoals:4 | Reached skill level 10 in Dodging
 36481 | Shoals:4 | Received a gift from Trog
 36734 | Shoals:4 | Got a barnacled rune of Zot
 37212 | Vaults:1 | Entered Level 1 of the Vaults
 37220 | Vaults:1 | Reached skill level 11 in Dodging
 37251 | Vaults:1 | Reached skill level 21 in Fighting
 37254 | Vaults:1 | Received a gift from Trog
 37434 | Vaults:1 | Received a gift from Trog
 37438 | Vaults:1 | Reached skill level 12 in Dodging
 37966 | Vaults:1 | Reached XP level 19. HP: 190/190 MP: 24/24
 38509 | Vaults:2 | Reached skill level 13 in Dodging
 38578 | Vaults:2 | Received a gift from Trog
 38600 | Vaults:2 | Reached skill level 22 in Fighting
 38693 | Vaults:2 | Received a gift from Trog
 38700 | Vaults:2 | Paralysed by a sphinx for 3 turns
 38907 | Vaults:2 | Reached skill level 14 in Dodging
 39227 | Vaults:2 | Found a staircase to the Crypt.
 39549 | Vaults:2 | Got a sparkling brass ring
 40069 | Vaults:2 | Found a portal to a secret trove of treasure.
 40167 | Vaults:2 | Identified the ring "Diomalin" {rC- rN+ Dex+4 SInv Stlth+} (You found it on level 2 of the Vaults)
 40465 | Vaults:3 | Received a gift from Trog
 40822 | Vaults:3 | Received a gift from Trog
 40822 | Vaults:3 | Reached skill level 15 in Dodging
 40874 | Vaults:3 | Reached skill level 23 in Fighting
 40957 | Vaults:3 | Found Lupt's Antique Weapon Shoppe.
 40981 | Vaults:3 | Noticed Bai Suzhen
 41001 | Vaults:3 | Killed Bai Suzhen
 41101 | Vaults:3 | Reached XP level 20. HP: 203/203 MP: 8/25
 41378 | Vaults:3 | Received a gift from Trog
 41516 | Vaults:3 | Got a pair of faintly humming gloves
 41522 | Vaults:3 | Identified the +0 pair of gloves of Time Monsters {MP+9 Str+4 Int+3} (You found it on level 3 of the Vaults)
 41895 | Vaults:3 | Got a crude leather armour
 41906 | Vaults:3 | Identified the +0 leather armour of Ystyil {-Cast MR+++ Dex-2 Stlth+} (You found it on level 3 of the Vaults)
 42121 | Vaults:4 | Noticed Saint Roka
 42139 | Vaults:4 | Killed Saint Roka
 42430 | Vaults:4 | Received a gift from Trog
 42464 | Vaults:4 | Found Uvup's Antique Weapon Shop.
 42603 | Vaults:4 | Reached skill level 9 in Evocations
 42657 | Vaults:4 | Found Ocrom's Gadget Boutique.
 42745 | Vaults:4 | Reached skill level 24 in Fighting
 43010 | Vaults:4 | Reached skill level 10 in Evocations
 43244 | Vaults:4 | Received a gift from Trog
 44216 | Depths:1 | Reached XP level 21. HP: 215/215 MP: 28/28
 44308 | Depths:1 | Found a gateway to Hell.
 44425 | Depths:1 | Received a gift from Trog
 44438 | Depths:1 | Reached skill level 11 in Evocations
 45604 | Spider:3 | Reached skill level 25 in Fighting
 46259 | Spider:3 | Received a gift from Trog
 46803 | Spider:4 | Entered Level 4 of the Spider Nest
 46899 | Spider:4 | Noticed Arachne
 46937 | Spider:4 | Killed Arachne
 46948 | Spider:4 | Reached skill level 12 in Evocations
 47528 | Spider:4 | Got a gossamer rune of Zot
 48471 | D:9      | Upgraded the game from 0.19-b1-5-gdc9fa9d to 0.19.0
 48651 | Depths:2 | Received a gift from Trog
 48846 | Depths:2 | Reached skill level 13 in Evocations
 48889 | Depths:2 | Paralysed by a floating eye for 4 turns
 48895 | Depths:2 | Paralysed by a floating eye for 2 turns
 48898 | Depths:2 | Paralysed by a floating eye for 4 turns
 48902 | Depths:2 | Paralysed by a floating eye for 4 turns
 49476 | Depths:2 | Reached XP level 22. HP: 211/228 MP: 30/30
 49512 | Depths:2 | Reached skill level 16 in Shields
 49601 | Depths:2 | Identified a +1 rod of clouds (9/9) (You found it on level 2 of the Depths)
 50093 | Depths:2 | Received a gift from Trog
 50616 | Depths:3 | Reached skill level 14 in Evocations
 50858 | Depths:3 | Reached skill level 17 in Shields
 51635 | Depths:3 | Received a gift from Trog
 51727 | Depths:3 | Found a one-way gate leading to the halls of Pandemonium.
 51947 | Depths:3 | Reached skill level 18 in Shields
 51986 | Depths:3 | Reached skill level 15 in Evocations
 52107 | Depths:3 | Noticed a golden dragon
 52121 | Depths:3 | Paralysed by a floating eye for 4 turns
 52133 | Depths:3 | Paralysed by a floating eye for 2 turns
 52164 | Depths:3 | Killed a golden dragon
 52249 | Depths:3 | Reached XP level 23. HP: 173/236 MP: 33/33
 52499 | Depths:4 | Received a gift from Trog
 52601 | Depths:3 | Reached skill level 19 in Shields
 52821 | Depths:3 | Identified the Almanac of Burning Companions
 53575 | Depths:4 | Identified Kikubaaqudgha's Disquisition on Darkness
 53661 | Depths:4 | Received a gift from Trog
 53661 | Depths:4 | Reached skill level 16 in Evocations
 53777 | Depths:4 | Identified Zatzokh's Tome of the Escort
 53924 | Depths:4 | Identified Lehudib's Reference Book on the Rocks
 54005 | Depths:4 | Paralysed by a sphinx for 6 turns
 54023 | Depths:4 | Received a gift from Trog
 54122 | Depths:4 | Found a gateway to a ziggurat.
 54122 | Depths:4 | Found a one-way gate to the infinite horrors of the Abyss.
 54251 | Depths:4 | Reached skill level 20 in Shields
 54283 | Depths:4 | Identified Anaop's Guide on Hexes
 54335 | Depths:4 | You fall through a shaft!
 54335 | Depths:5 | Entered Level 5 of the Depths
 54829 | Depths:4 | Paralysed by a sphinx for 4 turns
 55342 | Depths:4 | Identified a +9 rod of shadows (9/9) (You took it off a spriggan berserker on level 3 of the Depths)
 55377 | Depths:4 | Noticed a greater mummy
 55390 | Depths:4 | Killed a greater mummy
 55691 | Depths:4 | Received a gift from Trog
 55765 | Depths:4 | Reached skill level 17 in Evocations
 55818 | Depths:4 | Identified the Reference Book on the Volcanoes
 55980 | Depths:4 | Identified Lahy's Handbook of Feathers
 56611 | Depths:5 | Found a gate to the Realm of Zot.
 56646 | Depths:5 | Reached skill level 21 in Shields
 56646 | Depths:5 | Reached XP level 24. HP: 203/241 MP: 34/34
 57645 | Elf:1    | Received a gift from Trog
 57907 | Elf:1    | Noticed Roxanne
 57946 | Elf:1    | Killed Roxanne
 57954 | Elf:1    | Received a gift from Trog
 58186 | Elf:1    | Reached skill level 18 in Evocations
 58384 | Elf:3    | Entered Level 3 of the Elven Halls
 58780 | Elf:2    | Received a gift from Trog
 58802 | Elf:2    | Found a runed gate.
 58802 | Elf:2    | Found a runed gate.
 58811 | Elf:2    | Found a runed gate.
 59578 | Elf:2    | Reached skill level 19 in Evocations
 59654 | Elf:3    | Found Pynytzaf's General Store.
 59661 | Elf:3    | Bought a scroll of blinking for 150 gold pieces
 59746 | Elf:3    | Received a gift from Trog
 60505 | Elf:3    | Noticed Jorgrun
 60536 | Elf:3    | Killed Jorgrun
 60665 | Elf:3    | Received a gift from Trog
 60835 | Elf:3    | Identified the Catalogue of Poisoning and the Arsonist
 61029 | Elf:3    | Received a gift from Trog
 61035 | Elf:3    | Got a steaming lapis lazuli ring
 61037 | Elf:3    | Identified the ring "Eriaru" {+Blink rN+ SInv} (You found it on level 3 of the Elven Halls)
 61070 | Elf:3    | Got a wavering emerald amulet
 61072 | Elf:3    | Identified the amulet "Zyrul" {Reflect Dex+7 SH+3} (You found it on level 3 of the Elven Halls)
 61135 | Elf:3    | Identified the Incunabulum of Creative Toxins
 61176 | Elf:3    | Identified a +4 rod of clouds (11/11) (You found it on level 3 of the Elven Halls)
 61178 | Elf:3    | Got a translucent brass ring
 61179 | Elf:3    | Identified the ring "Ogier" {*Tele Str+4} (You found it on level 3 of the Elven Halls)
 61820 | Vaults:5 | Entered Level 5 of the Vaults
 61830 | Vaults:4 | Reached skill level 1 in Throwing
 61842 | Vaults:4 | Reached skill level 2 in Throwing
 61868 | Vaults:4 | Received a gift from Trog
 61868 | Vaults:4 | Reached skill level 20 in Evocations
 61869 | Vaults:4 | Reached skill level 3 in Throwing
 61987 | Vaults:4 | Reached XP level 25. HP: 240/248 MP: 36/36
 62006 | Vaults:4 | Reached skill level 4 in Throwing
 62261 | Vaults:5 | Reached skill level 5 in Throwing
 62276 | Vaults:4 | Reached skill level 6 in Throwing
 62289 | Vaults:4 | HP: 16/251 [deep elf annihilator/crystal spear (37)]
 62305 | Vaults:4 | HP: 17/251 [large abomination[a deep elf high priest] (17)]
 62311 | Vaults:4 | HP: 23/251 [large abomination[a deep elf high priest] (13)]
 62720 | Vaults:5 | Received a gift from Trog
 62723 | Vaults:5 | Noticed Chiseanne's ghost (veteran MiBe)
 62724 | Vaults:5 | Noticed an ancient lich
 62995 | Vaults:5 | Noticed Sojobo
 63003 | Vaults:4 | Reached skill level 7 in Throwing
 63032 | Vaults:4 | Killed Sojobo
 63121 | Vaults:4 | Reached skill level 8 in Throwing
 63125 | Vaults:4 | Received a gift from Trog
 63183 | Vaults:4 | Killed an ancient lich
 63193 | Vaults:5 | Noticed barbarian's ghost (adept MiFi)
 63199 | Vaults:5 | Reached skill level 9 in Throwing
 63625 | Vaults:5 | Received a gift from Trog
 63641 | Vaults:5 | Reached skill level 10 in Throwing
 63653 | Vaults:5 | Killed barbarian's ghost
 63910 | Vaults:5 | Received a gift from Trog
 63932 | Vaults:4 | Reached skill level 11 in Throwing
 64149 | Vaults:5 | Noticed Jory
 64169 | Vaults:5 | Killed Jory
 64187 | Vaults:5 | HP: 16/251 [Chiseanne's ghost (23)]
 64188 | Vaults:5 | HP: 2/251 [golden dragon/bolt of fire (15)]
 64331 | Vaults:4 | Received a gift from Trog
 64570 | Vaults:4 | Reached skill level 12 in Throwing
 65001 | Vaults:4 | Received a gift from Trog
 65137 | Vaults:5 | Received a gift from Trog
 65139 | Vaults:5 | Noticed an ancient lich
 65143 | Vaults:5 | Reached skill level 22 in Shields
 65155 | Vaults:4 | Killed an ancient lich
 65271 | Vaults:4 | Received a gift from Trog
 65271 | Vaults:4 | Reached XP level 26. HP: 259/260 MP: 15/36
 65441 | Vaults:4 | Got a scintillating platinum ring
 65908 | Vaults:5 | Killed Chiseanne's ghost
 65908 | Vaults:5 | Received a gift from Trog
 66139 | Vaults:5 | Identified the ring of Mezeox {+Inv rN++ Str+4 Dex+7} (You took it off a deep elf death mage on level 4 of the Vaults)
 66237 | Vaults:5 | Got a fine bone ring
 66239 | Vaults:5 | Identified the ring "Noafufya" {*Tele rF+} (You found it on level 5 of the Vaults)
 66248 | Vaults:5 | Got a sparkling granite ring
 66250 | Vaults:5 | Identified the ring of Quggac {*Slow MR++ Str+2 Dex+4 SInv} (You found it on level 5 of the Vaults)
 66295 | Vaults:5 | Identified First Steps in Magic
 66304 | Vaults:5 | Found Paddyfod's Weapon Shoppe.
 66349 | Vaults:5 | Reached skill level 23 in Shields
 66544 | Vaults:5 | Found Qegayh's Magic Scroll Shoppe.
 66570 | Vaults:5 | Gained mutation: You possess an exceptional clarity of mind. [potion of mutation]
 66570 | Vaults:5 | Gained mutation: Your mind is acute. (Int +2) [potion of mutation]
 66656 | Vaults:5 | Identified Xuletwele's Tome of Envenoming and Translocation
 67033 | Vaults:5 | Got a silver rune of Zot
 67508 | D:3      | Fell from the grace of Trog
 67508 | D:3      | Became a worshipper of the Shining One
 67980 | Depths:4 | Voluntarily entered the Abyss.
 67983 | Abyss:1  | Found a shadowy altar of Dithmenos.
 68107 | Abyss:1  | Found an ancient bone altar of Kikubaaqudgha.
 68130 | Abyss:1  | Reached * piety under the Shining One
 68364 | Abyss:1  | Reached ** piety under the Shining One
 68494 | Abyss:1  | Found a corrupted altar of Lugonu.
 68518 | Abyss:1  | Reached skill level 1 in Invocations
 68562 | Abyss:1  | Reached *** piety under the Shining One
 68572 | Abyss:1  | Reached skill level 2 in Invocations
 68670 | Abyss:1  | Reached **** piety under the Shining One
 68670 | Abyss:1  | Reached skill level 3 in Invocations
 68937 | Abyss:1  | Reached skill level 4 in Invocations
 69087 | Abyss:1  | Found a shadowy altar of Dithmenos.
 69143 | Abyss:1  | Reached ***** piety under the Shining One
 69205 | Abyss:1  | Found a basalt altar of Yredelemnul.
 69218 | Abyss:1  | Reached skill level 5 in Invocations
 69340 | Abyss:1  | Reached skill level 24 in Shields
 69667 | Abyss:1  | Reached skill level 6 in Invocations
 69744 | Abyss:1  | Reached ****** piety under the Shining One
 70131 | Abyss:1  | Reached skill level 7 in Invocations
 70497 | Abyss:1  | Reached skill level 8 in Invocations
 70765 | Abyss:1  | Found a corrupted altar of Lugonu.
 71090 | Abyss:2  | Found a bloodstained altar of Trog.
 71103 | Abyss:2  | Gained mutation: You have a pair of large horns on your head. [a neqoxec]
 71107 | Abyss:2  | Gained mutation: Scrolls take you a little longer to read. [a neqoxec]
 71218 | Abyss:2  | Found a bloodstained altar of Trog.
 71293 | Abyss:2  | Reached skill level 9 in Invocations
 71402 | Abyss:3  | Reached skill level 25 in Shields
 71415 | Abyss:3  | Got an abyssal rune of Zot
 71542 | Depths:4 | Escaped the Abyss
 71970 | D:3      | Identified a +9 broad axe of holy wrath (a +7 broad axe of freezing blessed by the Shining One)
 71970 | D:3      | Received a gift from the Shining One
 72185 | D:9      | Learned a level 1 spell: Summon Butterflies
 72189 | D:9      | Learned a level 3 spell: Lesser Beckoning
 72451 | D:15     | Learned a level 2 spell: Song of Slaying
 72877 | Zot:1    | Entered Level 1 of the Realm of Zot
 73050 | Zot:1    | Reached XP level 27. HP: 253/268 MP: 36/36
 73313 | Zot:1    | Reached skill level 1 in Translocations
 73390 | Zot:1    | Reached skill level 1 in Spellcasting
 73458 | Zot:1    | Reached skill level 1 in Charms
 73620 | Zot:1    | Reached skill level 16 in Armour
 73633 | Zot:1    | Reached skill level 16 in Dodging
 73837 | Zot:2    | Reached skill level 10 in Invocations
 73966 | Zot:2    | Reached skill level 2 in Translocations
 73983 | Zot:2    | Reached skill level 2 in Charms
 74142 | Zot:2    | Reached skill level 2 in Spellcasting
 74830 | Zot:2    | Reached skill level 3 in Translocations
 75118 | Zot:2    | Reached skill level 3 in Charms
 75246 | Zot:2    | Reached skill level 3 in Spellcasting
 75782 | Zot:3    | Reached skill level 4 in Translocations
 76416 | Zot:4    | Reached skill level 11 in Invocations
 76520 | Zot:4    | Reached skill level 4 in Spellcasting
 76698 | Zot:2    | Reached skill level 4 in Charms
 77105 | Vaults:5 | Reached skill level 17 in Armour
 77168 | Vaults:5 | Bought a scroll of enchant weapon for 142 gold pieces
 77168 | Vaults:5 | Bought 3 scrolls of magic mapping for 199 gold pieces
 77168 | Vaults:5 | Bought a scroll of enchant weapon for 142 gold pieces
 77168 | Vaults:5 | Bought a scroll of enchant weapon for 142 gold pieces
 77168 | Vaults:5 | Bought 2 scrolls of recharging for 361 gold pieces
 77527 | Depths:4 | Voluntarily entered the Abyss.
 77546 | Abyss:1  | Found an ancient bone altar of Kikubaaqudgha.
 77564 | Abyss:1  | Found an ancient bone altar of Kikubaaqudgha.
 77713 | Abyss:1  | Got a smoking bone ring
 77909 | Abyss:1  | Reached skill level 17 in Dodging
 77936 | Depths:4 | Escaped the Abyss
 78074 | D:15     | Identified the ring of Elamah {rCorr rF+ Int+7} (You found it on level 1 of the Abyss)
 78205 | Zig:1    | Entered Level 1 of a ziggurat
 78238 | Zig:2    | Entered Level 2 of a ziggurat
 78289 | Zig:3    | Entered Level 3 of a ziggurat
 78348 | Zig:3    | Paralysed by Trog for 4 turns
 78378 | Zig:4    | Entered Level 4 of a ziggurat
 78409 | Zig:4    | Paralysed by Trog for 3 turns
 78422 | Zig:5    | Entered Level 5 of a ziggurat
 78453 | Zig:5    | HP: 16/241 [titanic slime creature[a gelid corrupter] (89)]
 78454 | Zig:5    | HP: 4/241 [azure jelly[a gelid corrupter] (7)]
 78456 | Zig:5    | Demolished by a large slime creature

Skill      XL: |  1  2  3  4  5  6  7  8  9 10 11 12 13 14 15 16 17 18 19 20 21 22 23 24 25 26 27 |
---------------+----------------------------------------------------------------------------------+-----
Axes           | 4 5 7 8 10 12 14 15 17 18 | 18.0
Shields        | 2 4 5 7 9 11 14 15 18 21 22 25 | 25.8
Fighting       | 4 7 9 11 13 15 16 20 21 23 24 25 | 25.7
Armour         | 3 6 8 11 13 14 15 17 | 17.3
Crossbows      | 3 7 10 | 10.0
Dodging        | 4 6 8 12 15 17 | 17.1
Evocations     | 7 8 10 13 15 17 20 | 20.5
Throwing       | 3 12 | 12.0
Invocations    | 9 11 | 11.5
Translocations | 4 |  4.6
Spellcasting   | 4 |  4.3
Charms         | 4 |  4.1

Action                   |  1- 3 |  4- 6 |  7- 9 | 10-12 | 13-15 | 16-18 | 19-21 | 22-24 | 25-27 || total
-------------------------+-------+-------+-------+-------+-------+-------+-------+-------+-------++-------
Melee: Hand axe          |    97 |   103 |   154 |       |       |       |    25 |       |       ||   379
       Headbutt          |    15 |    18 |    74 |   170 |   298 |   419 |   488 |   583 |   890 ||  2955
       War axe           |       |       |   175 |   512 |   170 |       |       |       |       ||   857
       Broad axe         |       |       |       |   206 |   877 |  1303 |  1313 |  1436 |  2269 ||  7404
       Flail             |       |       |       |       |    46 |       |       |       |    72 ||   118
 Fire: Hand crossbow     |       |       |       |       |       |     2 |   153 |   237 |    31 ||   423
Throw: Javelin           |       |       |       |       |       |       |       |       |     2 ||     2
Invok: Berserk           |     1 |     3 |     7 |    13 |    26 |    16 |     9 |     5 |     7 ||    87
       Brothers in Arms  |       |       |       |     3 |     5 |    16 |     9 |     5 |     7 ||    45
       Burn Spellbooks   |       |       |       |       |     3 |       |     1 |    12 |     5 ||    21
       Trog's Hand       |       |       |       |       |     4 |    17 |    10 |     8 |     5 ||    44
       Divine Shield     |       |       |       |       |       |       |       |       |     9 ||     9
       Summon Divine War |       |       |       |       |       |       |       |       |     2 ||     2
       Brand Weapon With |       |       |       |       |       |       |       |       |     1 ||     1
       Cleansing Flame   |       |       |       |       |       |       |       |       |     3 ||     3
Evoke: Wand              |       |       |       |       |     1 |       |       |     2 |       ||     3
       Rod               |       |       |       |       |       |       |       |     1 |       ||     1
       Box of beasts     |       |       |       |       |       |       |       |     1 |       ||     1
  Use: Scroll            |       |       |     7 |     1 |    15 |    16 |     7 |     9 |    18 ||    73
       Potion            |       |       |       |       |       |     9 |     5 |       |    10 ||    24
 Stab: Distracted        |       |       |       |       |     1 |     2 |     3 |     2 |     4 ||    12
       Petrifying        |       |       |       |       |       |       |       |     1 |       ||     1
  Eat: Chunk             |     4 |     8 |    13 |    33 |    61 |    49 |    38 |    43 |    38 ||   287
       Fruit             |       |       |     1 |       |     4 |     8 |       |       |    18 ||    31
       Bread ration      |       |       |     1 |       |       |     2 |     2 |       |     1 ||     6
       Meat ration       |       |       |       |     1 |       |       |     1 |     1 |     1 ||     4
       Pizza             |       |       |       |       |     1 |     2 |     1 |       |     2 ||     6
       Royal jelly       |       |       |       |       |       |       |       |     1 |       ||     1
       Beef jerky        |       |       |       |       |       |       |       |     1 |       ||     1
Armor: Animal skin       |     4 |       |       |       |       |       |       |       |       ||     4
       Leather armour    |    11 |    19 |    32 |    10 |       |       |       |       |       ||    72
       Scale mail        |       |       |       |    19 |       |       |       |       |       ||    19
       Ring mail         |       |       |       |    70 |    15 |    20 |       |       |       ||   105
       Chain mail        |       |       |       |     9 |    54 |       |       |       |       ||    63
       Plate armour      |       |       |       |       |   187 |   402 |   277 |   303 |   307 ||  1476
       Gold dragon scale |       |       |       |       |       |       |       |       |    47 ||    47
Dodge: Dodged            |    38 |    30 |    89 |   171 |   161 |   327 |   501 |   490 |   721 ||  2528
Block: Shield            |    24 |    31 |   129 |   358 |   723 |  1352 |  1360 |  1395 |   618 ||  5990
       Reflection        |       |       |       |       |    55 |   126 |    74 |   171 |   134 ||   560
       Large shield      |       |       |       |       |       |       |       |       |  1966 ||  1966
